Cogmind - Beta 13 @@@ ROGUE MODE // 2024.04.05 @ 16:24:30 Player: Olafz Result: Destroyed by G-34 Mercenary with Small Laser Performance ------------- Evolutions (1) 500 Regions Visited (2) 400 Robots Destroyed (17) 85 Value Destroyed (300) 300 Prototype IDs (0) 0 Alien Tech Used (0) 0 Bonus (0) 0 TOTAL SCORE: 1285 Bonus ------- None Cogmind --------- Core Integrity 0/400 Matter 275/300 Energy 97/100 System Corruption 0% Temperature Cool (6) Movement Core (150) Ox2 Location -9/Materials Parts ------- > --- POWER (1) -------- (None) > --- PROPULSION (2) --- (None) > --- UTILITY (4) ------ Small Storage Unit Structural Scanner Visual Processing Unit Sensor Array > --- WEAPON (2) ------- (None) > --- INVENTORY (8) ---- Ion Engine Light Ion Engine Peak State ------------ > --- POWER ------------ Ion Engine > --- PROPULSION ------- Aluminum Leg Aluminum Leg > --- UTILITY ---------- Small Storage Unit Structural Scanner Visual Processing Unit Sensor Array > --- WEAPON ----------- Beam Rifle > --- INVENTORY -------- Ion Engine [Rating: 10] Favorites ----------- Power Ion Engine Engine Ion Engine Propulsion Aluminum Leg Leg Aluminum Leg Utility Small Storage Unit Device Structural Scanner Storage Small Storage Unit Processor Visual Processing Unit Protection Light Armor Plating Weapon Small Laser Energy Gun Small Laser Build | -11 -10 -9 ------- Run | Yrd Mat Mat Slots Evolved 2 | . . 2 Power . | . . . Propulsion . | . . . Utility 2 | . . 2 Weapon . | . . . Parts Attached 18 | 6 1 11 Power 3 | 1 . 2 Engine 3 | 1 . 2 Core . | . . . Reactor . | . . . Propulsion 5 | 2 1 2 Treads . | . . . Leg 5 | 2 1 2 Wheel . | . . . Hover . | . . . Flight . | . . . Utility 7 | 1 . 6 Device 4 | . . 4 Storage 1 | 1 . . Processor 1 | . . 1 Hackware . | . . . Protection 1 | . . 1 Artifact . | . . . Weapon 3 | 2 . 1 Energy Gun 3 | 2 . 1 Energy Cannon . | . . . Ballistic Gun . | . . . Ballistic Cannon . | . . . Launcher . | . . . Special Weapon . | . . . Impact Weapon . | . . . Slashing Weapon . | . . . Piercing Weapon . | . . . Special Melee Weapon . | . . . Unidentified Prototypes . | . . . Parts Lost 9 | . . 9 Power 1 | . . 1 Propulsion 4 | . . 4 Utility 1 | . . 1 Weapon 3 | . . 3 Highest Loss Streak 4 | . . 4 To Critical Strikes . | . . . Average Slot Usage (%) 76 | . 85 72 Engine 12 | . 14 11 Leg 20 | . 28 17 Device 4 | . . 7 Storage 12 | . 14 11 Processor 1 | . . 1 Protection 3 | . . 4 Energy Gun 21 | . 28 18 Naked Turns . | . . . Heaviest Build 18 | 13 13 18 Greatest Support 20 | 20 20 20 Greatest Overweight (x) 4 | . . 4 Average Overweight (x) . | . . . Largest Inventory Capacity 8 | 8 8 8 Average Capacity 7 | 5 8 8 Most Carried 2 | . 1 2 Average Carried . | . . . Final Capacity 8 | 8 8 8 Final Carried 2 | . 1 2 Class Distribution -------------------- 100% | Mutant Dominant Class ---------------- Mutant | -10/Materials Mutant | -9/Materials Resources | -11 -10 -9 ----------- Run | Yrd Mat Mat Matter Collected 323 | 125 42 156 Remotely . | . . . Salvage Created 408 | . 79 329 Parts 23 | . 4 19 Haulers Intercepted . | . . . Recyclers Shooed . | . . . Parts Field Recycled . | . . . Retrieved Matter . | . . . Parts Self-Destructed . | . . . Prevented . | . . . Kills | -11 -10 -9 ------- Run | Yrd Mat Mat Combat Hostiles Destroyed 11 | . 4 7 Guns 10 | . 4 6 Classes Destroyed 6 | . 2 4 Worker 4 | . . 4 Watcher 2 | . . 2 Swarmer 6 | . 3 3 Grunt 3 | . 1 2 Duelist 1 | . . 1 Sentry 1 | . . 1 Best Kill Streak 4 | . 3 4 Combat Bots Only 3 | . 3 3 Max Kills in Single Turn 1 | . 1 1 Gunslinging . | . . . Exploded . | . . . Melee . | . . . Uniques/NPCs Destroyed . | . . . Combat | -11 -10 -9 -------- Run | Yrd Mat Mat Hostile Shots Fired 151 | . 17 134 Missed 45 | . 6 39 Damage Taken 1222 | . 99 1123 Core 440 | . 33 407 Absorbed by Shields . | . . . Core Remaining (%) 93 | 100 86 . Volleys Fired 71 | . 9 62 Largest 2 | . 2 2 Hottest 96 | . 90 96 Shots Fired 115 | . 18 97 Gun 115 | . 18 97 Cannon . | . . . Launcher . | . . . Special . | . . . Kinetic . | . . . Thermal 115 | . 18 97 Explosive . | . . . Electromagnetic . | . . . Robot Hit Streak 11 | . 4 11 Robot Miss Streak 8 | . 3 8 Penetration Max . | . . . Secondary Targets . | . . . Shots Hit Robots 66 | . 9 57 Core Hits 25 | . 5 20 Critical Kills . | . . . Critical Parts Destroyed . | . . . Critical Strikes 2 | . . 2 Burn 2 | . . 2 Melee Attacks . | . . . Impact . | . . . Slashing . | . . . Piercing . | . . . Sneak Attacks . | . . . Combat Hostiles . | . . . Follow-up Attacks . | . . . Damage Inflicted 880 | . 104 776 Guns 863 | . 104 759 Cannons . | . . . Explosions . | . . . Melee . | . . . Ramming 17 | . . 17 Kinetic . | . . . Thermal 863 | . 104 759 Explosive . | . . . Electromagnetic . | . . . Impact . | . . . Slashing . | . . . Piercing . | . . . Highest Corruption . | . . . Average Corruption . | . . . Corruption Purged . | . . . Corruption Blocked . | . . . Overload Shots . | . . . Overflow Damage . | . . . Projectiles . | . . . Explosions . | . . . Melee . | . . . Knockbacks . | . . . Impact . | . . . Kinetic . | . . . Secondary . | . . . Self-Inflicted Damage . | . . . Shots . | . . . Rammed . | . . . Targets Rammed 4 | . . 4 Kicked 4 | . . 4 Crushed . | . . . Highest Temperature 510 | . 126 510 Average Temperature 180 | . 67 201 Received Heat Transfer 363 | . 12 351 Effects 10 | . . 10 Shutdowns 4 | . . 4 Energy Bleed 3 | . . 3 Interference 1 | . . 1 Short Circuit 1 | . . 1 Damage (minor) 1 | . . 1 Siege Activations . | . . . Robots Corrupted . | . . . Combat Hostiles . | . . . Parts Fried . | . . . Impact Corruptions . | . . . Robots Melted 1 | . . 1 Combat Hostiles 1 | . . 1 Parts Melted 4 | . . 4 Heat Transferred 2317 | . 285 2032 Parts Sabotaged . | . . . Parts Stolen . | . . . Parts Stripped . | . . . Power Chain Reactions . | . . . Alert | -11 -10 -9 ------- Run | Yrd Mat Mat Peak Influence 270 | . 110 270 Initial 46 | . . 46 Average 117 | . 54 172 Maximum Alert Level 1 | . . 1 Low Security (%) 72 | 100 100 52 Level 1 27 | . . 47 Level 2 . | . . . Level 3 . | . . . Level 4 . | . . . Level 5 . | . . . High Security . | . . . Max Security . | . . . Squads Dispatched 5 | . 1 4 Investigation . | . . . Extermination . | . . . Reinforcement 5 | . 1 4 Assault . | . . . Garrison . | . . . Intercept . | . . . Searches Triggered . | . . . Construction Impeded 1 | . . 1 Haulers Reinforced . | . . . Active Scanning Responses . | . . . Cargo Convoy Interrupts . | . . . Stealth | -11 -10 -9 --------- Run | Yrd Mat Mat Distress Signals 4 | . . 4 Communications Jammed . | . . . Distress Signals . | . . . Times Spotted 25 | . 7 18 Peak Tracking Total 7 | . 5 7 Tactical Retreats . | . . . Traps | -11 -10 -9 ------- Run | Yrd Mat Mat Traps Triggered 2 | . . 2 Indirectly . | . . . Trap Hack Attempts . | . . . Triggered . | . . . Disarmed . | . . . Reprogrammed . | . . . Reused . | . . . Traps Extracted . | . . . Installed . | . . . Triggered . | . . . Machines | -11 -10 -9 ---------- Run | Yrd Mat Mat Machines Disabled 1 | . . 1 Max in Single Turn 1 | . . 1 Machines Repaired . | . . . Machines Dismantled . | . . . Machines Sabotaged . | . . . Overloaded Fab Kills . | . . . Hacking | -11 -10 -9 --------- Run | Yrd Mat Mat Machines Accessed 3 | . 2 1 Terminals 2 | . 1 1 Fabricators . | . . . Repair Stations . | . . . Recycling Units 1 | . 1 . Scanalyzers . | . . . Garrison Access . | . . . Total Hacks 11 | . 6 5 Successful 4 | . 2 2 Failed 7 | . 4 3 Catastrophic 1 | . 1 . Database Lockouts . | . . . Manual 2 | . 2 . Terminals 9 | . 4 5 Fabricators . | . . . Repair Stations . | . . . Recycling Units 2 | . 2 . Scanalyzers . | . . . Garrison Access . | . . . Terminal Hacks 4 | . 2 2 Level Access Points 1 | . . 1 Emergency Access Points 1 | . 1 . Registered Components 1 | . . 1 Zone Layout 1 | . 1 . Fabricator Hacks . | . . . Repair Station Hacks . | . . . Recycling Unit Hacks . | . . . Scanalyzer . | . . . Garrison Access Hacks . | . . . Unauthorized Hacks . | . . . Terminals . | . . . Fabricators . | . . . Repair Stations . | . . . Recycling Units . | . . . Scanalyzers . | . . . Garrison Access . | . . . Data Cores Recovered . | . . . Used . | . . . Hacking Detections 3 | . 2 1 Full Trace Events 3 | . 2 1 Feedback Events . | . . . Feedback Blocked . | . . . Robot Schematics Acquired . | . . . Robots Built . | . . . Authchips . | . . . Time . | . . . Total Robot Build Rating . | . . . Part Schematics Acquired . | . . . Parts Built . | . . . Authchips . | . . . Time . | . . . Total Part Build Rating . | . . . Parts Repaired . | . . . Time . | . . . Parts Recycled . | . . . Recycled Matter . | . . . Retrieved Matter . | . . . Retrieved Components . | . . . Parts Scanalyzed . | . . . Part Schematics Acquired . | . . . Parts Damaged . | . . . Bothacking | -11 -10 -9 ------------ Run | Yrd Mat Mat Used RIF Installer . | . . . Robots Hacked . | . . . Non-combat . | . . . Combat . | . . . Robot Hacks Applied . | . . . Relay Couplers Released . | . . . Fabnet Peak Effective % . | . . . Robots Rewired . | . . . Allies Hacked . | . . . Hacks Repelled . | . . . Allies | -11 -10 -9 -------- Run | Yrd Mat Mat Total Allies . | . . . Largest Group . | . . . Highest-Rated Group . | . . . Highest-Rated Ally . | . . . Total Orders . | . . . Ally Attacks . | . . . Total Damage . | . . . Kills . | . . . Allies Corrupted . | . . . Allies Melted . | . . . Intel | -11 -10 -9 ------- Run | Yrd Mat Mat Robot Analysis Total . | . . . Derelict Logs Recovered . | . . . Drone Launches . | . . . Drone Recoveries . | . . . Exploration | -11 -10 -9 ------------- Run | Yrd Mat Mat Turns Passed 618 | 77 175 366 Spaces Moved 321 | 59 123 139 Core 16 | 3 . 13 Treads . | . . . Legs 305 | 56 123 126 Wheels . | . . . Hover . | . . . Flight . | . . . Fastest Speed 50 | 50 120 100 Average Speed 124 | 116 120 132 Slowest Speed 250 | 120 120 250 Overloaded Moves . | . . . Propulsion Burnouts . | . . . Robots Hopped . | . . . Cave-ins Triggered . | . . . Exploration Rate (%) 15 | 3 28 15 Regions Visited 2 Branch Regions . Pre-discovered Areas . | . . . Known Exits Taken . | . . . Unknown Exits Taken 2 | 1 1 . Scrap Searched . | . . . Spaces Dug . | . . . Terrain Destroyed . | . . . Melee . | . . . Projectile . | . . . AOE . | . . . Terrain Rammed . | . . . Walls Destroyed . | . . . Machines Disabled . | . . . Actions | -11 -10 -9 --------- Run | Yrd Mat Mat Total 414 | 64 132 218 Wait 1 | . . 1 Move 319 | 58 122 139 Hop . | . . . Pick Up 1 | . . 1 Fast Attach 15 | 6 . 9 Attach 1 | . . 1 Detach . | . . . Swap 2 | . 1 1 Drop . | . . . Fire 71 | . 9 62 Melee . | . . . Ram . | . . . Kick 4 | . . 4 Crush . | . . . Escape Stasis . | . . . Rewire . | . . . Trap . | . . . Miscellaneous . | . . . Route ------- -11/Scrapyard -10/Materials -9/Materials (discovered 3 exits: Mat x3) History --------- Turn | Location | Event 7 | -11/Scrapyard | Discovered new exit (range 15) 78 | -11/Scrapyard | Entered Materials 223 | -10/Materials | Discovered new exit (range 15) 253 | -10/Materials | Entered another Materials area 253 | -9/Materials | Evolved 2 slots: Utility x2 282 | -9/Materials | Identified exit to Materials 318 | -9/Materials | Build established: Mutant 397 | -9/Materials | Lost 3 parts (2n1w) 517 | -9/Materials | Core integrity fell below 50% 587 | -9/Materials | Core integrity fell below 20% 619 | -9/Materials | Destroyed by G-34 Mercenary with Small Laser Last Messages --------------- 00588_ G-34 Mercenary heat damages Heat Sink. 00591_ U-05 Engineer destroyed. 00592_ G-34 Mercenary suffers critical hit (Burn). 00595_ Power failure, Ion Engine shutdown. 00599_ W-16 Scout sends out distress signal. 00599_ Beam Rifle destroyed. 00602_ Triggered Blade Trap. 00602_ Massive razor-sharp blades shoot up from within the floor. 00602_ Sensor Array severed. 00602_ Ion Engine severed. 00602_ Broken Structural Scanner severed. 00603_ U-05 Engineer lays Concrete. 00604_ Acquired Sensor Array. 00606_ Acquired Ion Engine. 00613_ Ion Engine destroyed. 00614_ Acquired Broken Structural Scanner. 00617_ ALERT: Hostiles spotted, dispatching reinforcements to Terminal M010. Map ----- +----------------------------------------------------+ | ????????????????????????????????????????????????? | | ????????????????????????????????????????????????? | | ????????????????????????????????????????????????? | | ????????????????????????????????????????????????? | | ????????????????????????????????????????????????? | | ????????????????????????????????????????????????? | | ????????????????????????????????????????????????? | | ????????????????????????????????????????????????? | | ????????????????????????????????????????????????? | | ????????????????????????????????????????????????? | | ????????????????????????????????????????????????? | | ????????????????????????????????????????????????? | | ????????????????????????????????????????????????? | | ????????????????????????????????????????????????? | | ????????????????????????????????????????????????? | | ????????????????????????????????????????????????? | | ??????????????????????????? ????????????????????? | | ??????????????????????????" ????????????????????? | | ?????????????????????????? ????????????????????? | | ?????????????????????????? ?????????#??????????? | | ????????????????????????? ??????? #??????????? | | ??????????????????????####+####### ##?????????? | | ??????????????????????#### ####### ##?????????? | | ?????????#########????## ^ Y ####???????? | | ?????????##########???## ^ ^ u = ??????? | | ?????????## ##???##@^g T ??????? | | ?????????## ##???## ^ o u ??????? | | ???####??## ##???## ^ #####?????????? | | ###########? ##???## ##????????????? | | ##### #####?? ##???## ^ ^ u##????????????? | | # ## #######%! """ ##????????????? | | # """ #######+####### ! """ ##????????????? | | # """ %# = % "" ##????????????? | | # """ + % ! % ##????????????? | | # *# %au ##????????????? | | # #! ############%####+#####????????????? | | # ] !#% ############ ## ????????????? | | # !!#= ##????????## ##??? "?????????????? | | # "T" # ########??## ##??? T ????????????? | | ########## %! #??## ##????? " #???????????? | | ### # #??## ##????? ????????????? | | ??# # #??## ##??????? ????????????? | | ??# " + #####+######+##????????#???????????? | | ??# T # # #????????????????????? | | ??# " # """ """ ??]??????????????????????? | | ??# #^ # """ ""????]??????????????????????? | | ??######## """ ""???? ??????????????????????? | | ????????## # ???????????????????????????? | | ????????## # ?????????????????????????? | | ?????????# ##########?????????????????????????? | +----------------------------------------------------+ Best States ------------- Heat Dissipation 28 Energy Generation 10 Energy Capacity 250 Matter Stores 300 Matter Capacity 300 Sight Range 18 Robot Scan Range 14 Terrain Scan Density 10 Armor Coverage 150 Evasion (%) 55 Item Schematics ----------------- None Robot Schematics ------------------ None Fabricated ------------ Nothing Alien Tech Used ----------------- None Achievements -------------- None Challenges ------------ None Game ------ Seed ExplosiveMiningShotgun Manual? 0 Play Time 00:07:01 Cumulative 21.3 hours Start 2024.04.05 @ 16:17:26 End 2024.04.05 @ 16:24:30 Sessions 1 Manual Loads 0 Difficulty Rogue Special Mode None Game No. 60 Rogue 58 Adventurer 2 Explorer 0 Win Type - Total 0 Types 0/0/0/0/0/0/0/0/0 Lore% 18 Gallery% 23 Achievement% 21 Wizard Run 0 Options --------- Layout 1 ASCII 0 Keyboard 1 Movement Arrows Keybinds 0 Fullscreen 2 Font 24/Smallcaps Map View 50x35 Zoom Use 0% Tactical HUD 1 Map Filters NONE Filters NONE Steam 1 RUN: ca73fe75-e1ba-4bf1-ac9f-4bcbef333343